 Dungeon Crawl Stone Soup version 0.18.1-48-g4cf74bf (webtiles) character file.

123 MistressOfTheDunes the Insei (level 4, 0/35 HPs)
             Began as a Mummy Monk on July 18, 2016.
             Slain by a giant gecko (3 damage)
             ... on level 2 of the Dungeon.
             The game lasted 00:03:12 (2930 turns).

MistressOfTheDunes the Insei (Mummy Monk)           Turns: 2930, Time: 00:03:13

Health: 0/35       AC:  1    Str: 14    XL:     4   Next: 79%
Magic:  4/4        EV: 13    Int:  9    God:
Gold:   146        SH:  0    Dex: 15    Spells: 0 memorised, 3 levels left

rFire  x . .     SeeInvis .       - Unarmed
rCold  + . .     Gourm    .     (no armour)
rNeg   + + +     Faith    .     (no shield)
rPois  ∞         Spirit   .     (no helmet)
rElec  .         Dismiss  .     (no cloak)
rCorr  .         Reflect  .     (no gloves)
SustAt .         Harm     .     b - +0 pair of boots
MR     .....                    (no amulet)
Stlth  ++........               (no ring)
                                (no ring)

@: not resistant to hostile enchantments, unstealthy
A: no food or potions, fire vulnerability, cold resistance 1, negative energy
resistance 3, torment resistance, unbreathing
a: no special abilities


You were on level 2 of the Dungeon.
You were not hungry.

You visited 1 branch of the dungeon, and saw 3 of its levels.

You collected 146 gold pieces.


Innate Abilities, Weirdness & Mutations

You do not eat or drink.
Your flesh is vulnerable to fire.
You are immune to poison.
Your flesh is cold resistant.
You are immune to negative energy.
You are immune to unholy pain and torment.
You can survive without breathing.


   Skills:
 - Level 3.0 Fighting
 + Level 2.7 Dodging
 - Level 1.5 Stealth
 - Level 5.0 Unarmed Combat


You had 3 spell levels left.
You didn't know any spells.

Inventory:

Armour
 b - a +0 pair of boots (worn)
Scrolls
 a - 2 scrolls of teleportation {unknown}
 c - 2 scrolls of remove curse {unknown}
 d - a scroll of recharging {unknown}
 e - a scroll of noise {unknown}
 f - a scroll of identify {unknown}
 g - a scroll of random uselessness {unknown}

Dungeon Overview and Level Annotations

Branches:
Dungeon (3/15)

Altars:
Xom

Annotations:
D:3 Trapped sad ghost, juanjsm's ghost, amateur SpEn

▒.▒.▒.▒▒▒▒▒▒▒▒▒▒▒▒▒▒▒..▒...
▒......................▒▒..
▒▒▒▒..▒▒▒▒▒▒▒▒▒▒▒▒▒▒▒▒..▒▒▒
▒..▒....▒▒▒▒▒▒▒▒▒▒▒.....
▒..▒....▒▒.......▒▒.▒...
▒..▒....▒▒.......▒▒.▒.▒.
▒..▒....▒▒.......▒▒÷▒.▒.
▒.>'....l'........▒.▒.▒.
▒▒▒▒...M▒▒........▒.▒.▒.
▒....▒▒........▒.▒.▒.
▒....▒▒........▒.▒.▒.
▒....▒▒........▒...▒.
▒....▒▒........▒.▒▒▒.
▒....▒▒........▒▒▒▒▒.
▒....▒▒........).....
▒▒▒▒▒▒▒▒▒▒▒▒▒▒▒▒▒▒▒▒▒


You could see a giant gecko.


Message History

The gnoll closely misses you!
You beat the gnoll into a bloody pulp!
The gnoll is almost dead!
You squash the gnoll like an ant!
You annihilate the gnoll!!!
You pummel the gnoll like a punching bag!
The gnoll is lightly wounded!
You pummel the gnoll like a punching bag!
The gnoll is heavily wounded!
The gnoll hits you with a spear!!! * * * don't die
* * * You pulverise the gnoll!
The gnoll is almost dead!
The gnoll hits you with a spear! * * * don't die
* * * The gnoll misses you!
A giant gecko comes into view!
The giant gecko closely misses you!
The giant gecko hisses menacingly!
The giant gecko bites you! * * * don't die
* * *
There is an escape hatch in the ceiling here!
The giant gecko bites you! * * * don't die
* * * The gnoll hits you from afar with a spear! * * * don't die
* * * A mysterious force pulls you upwards!
The hatch slams shut behind you!
You miss the giant gecko! The giant gecko completely misses you!
You completely miss the giant gecko! The giant gecko bites you! rip

Action                   |  1- 3 |  4- 6 || total
-------------------------+-------+-------++-------
Melee: Unarmed           |   111 |    72 ||   183
       Punch             |     1 |       ||     1
 Stab: Sleeping          |     1 |       ||     1
Armor: Skin              |     6 |     4 ||    10
Dodge: Dodged            |    63 |    38 ||   101

Vault maps used:
D:1:      dpeg_arrival_tiny_i, minmay_hedge_maze
D:2:      kennysheep_jessica_study
D:3:      wad_lake_hut, nicolae_overflow_hidden_temple, lemuel_doored_altar

Notes
Turn   | Place    | Note
--------------------------------------------------------------
     0 | D:1      | MistressOfTheDunes the Mummy Monk began the quest for the Orb.
     0 | D:1      | Reached XP level 1. HP: 18/18 MP: 1/1
   179 | D:1      | Reached XP level 2. HP: 3/24 MP: 2/2
   850 | D:1      | Reached skill level 4 in Unarmed Combat
  1235 | D:2      | Reached XP level 3. HP: 29/29 MP: 3/3
  1599 | D:2      | Noticed Jessica
  1612 | D:2      | Killed Jessica
  1665 | D:2      | Reached XP level 4. HP: 30/35 MP: 4/4
  2703 | D:3      | Found a shimmering altar of Xom.
  2758 | D:3      | Noticed juanjsm's ghost (amateur SpEn)
  2776 | D:3      | Reached skill level 5 in Unarmed Combat
  2927 | D:3      | HP: 3/35 [gnoll/spear (5)]
  2930 | D:2      | Slain by a giant gecko

Vanquished Creatures
  Jessica (D:2)
  2 gnolls (D:3)
  2 adders (D:2)
  An ooze (D:1)
  A worm (D:2)
  3 dart slugs
  A giant gecko (D:1)
  2 giant cockroaches
  5 goblins
  6 hobgoblins
  5 kobolds
  A quokka (D:2)
  A ball python (D:2)
  4 bats (D:1)
  5 giant newts
  10 rats
50 creatures vanquished.
